AoeStats
← Gjallarhorn

Migration

509933945Analyzed
1v1 RM · 3d ago on Sep 28, 2026· 66m 26s· 2 players
Game mode
Random Map
Map size
132×132
Population
200
Speed
Normal
Resources
Standard
Victory
Conquest
Starting age
Dark Age
Ending age
Imperial Age
RankedLock teamsTeams togetherTeam positionsShared explorationLock speedFull tech treeHidden civsTurbo modeCheats
Victory
Defeat
🇨🇳 Turks · China
709
+16
🇩🇪 Turks · Germany
706
-16
Gjallarhorn
5:48 Loom
10:48 Feudal Age
11:26 Horse Collar
11:35 Double-Bit Axe
13:03 Wheelbarrow
13:22 Town Watch
20:40 Castle Age
22:10 Bow Saw
23:55 Heavy Plow
25:25 Hand Cart
28:50 Imperial Age
27:33 Fletching
29:12 Ballistics
29:59 Stone Mining
34:06 Town Patrol
36:22 Conscription
38:53 Gold Mining
40:38 Bodkin Arrow
40:46 Scale Mail Armor
40:56 Forging
42:26 Two-Man Saw
41:59 Bombard Tower
43:34 Elite Janissary
44:49 Chain Mail Armor
49:31 Artillery
52:22 Plate Mail Armor
52:54 Hoardings
53:47 Man-at-Arms
54:28 Squires
54:14 Arson
54:23 Long Swordsman
55:29 Bracer
56:36 Ballistics
62:49 Murder Holes
ng879635
12:52 Feudal Age
14:26 Wheelbarrow
13:44 Double-Bit Axe
13:45 Horse Collar
13:59 Fishing Lines
21:35 Castle Age
19:55 Gold Mining
22:33 Hand Cart
22:22 Heavy Plow
22:35 Bow Saw
22:19 Gillnets
25:17 Gold Shaft Mining
24:33 Stone Mining
31:13 Imperial Age
31:17 Thumb Ring
32:46 Conscription
35:21 Two-Man Saw
35:53 Forging
35:46 Scale Mail Armor
37:56 Elite Janissary
39:10 Capped Ram
42:59 Artillery
43:42 Cavalier
49:56 Husbandry
50:08 Bloodlines
51:36 Iron Casting
51:07 Scale Barding Armor
50:53 Fletching
51:03 Padded Archer Armor
51:19 Chain Mail Armor
51:29 Bombard Tower
51:30 Ballistics
50:54 Treadmill Crane
58:10 Blast Furnace
57:41 Plate Mail Armor
57:31 Chain Barding Armor
57:07 Bodkin Arrow
57:29 Leather Archer Armor
64:41 Siege Ram
Connection lost

Rejoining the realm…

Still unreachable

The connection could not be restored.

Session expired

The server has moved on; the page needs a fresh start.